 Dungeon Crawl Stone Soup version 0.20-a0-1026-gc3ddcbd (webtiles) character file.

144 kuniqs the Shield-Bearer (level 5, -1/49 HPs)
             Began as a Deep Dwarf Fighter on Apr 20, 2017.
             Slain by an ice beast (5 damage)
             ... on level 3 of the Dungeon.
             The game lasted 00:04:49 (2079 turns).

kuniqs the Shield-Bearer (Deep Dwarf Fighter)       Turns: 2079, Time: 00:04:50

Health: -1/49      AC:  7    Str: 20    XL:     5   Next: 5%
Magic:  5/5        EV:  8    Int:  8    God:
Gold:   159        SH:  9    Dex: 13    Spells: 4/4 levels left

rFire    . . .     SeeInvis .   a - +0 war axe
rCold    . . .     Gourm    .   c - +0 shield
rNeg     . . .     Faith    .   b - +0 scale mail
rPois    .         Spirit   .   (no helmet)
rElec    .         Reflect  .   (no cloak)
rCorr    .         Harm     .   (no gloves)
MR       .....     Rnd*Tele +   (no boots)
Stlth    ..........             (no amulet)
Regen    0.0/turn               j - ring of teleportation (curse)
MPRegen  0.1/turn               (no ring)

@: non-regenerating
A: damage resistance, heal wounds, sense surroundings 1, no regeneration
a: Heal Wounds


You were on level 3 of the Dungeon.
You were not hungry.

You visited 1 branch of the dungeon, and saw 3 of its levels.

You collected 159 gold pieces.

Inventory:

Hand Weapons
 a - a +0 war axe (weapon)
 p - a +2 mace of protection
Armour
 b - a +0 scale mail (worn)
 c - a +0 shield (worn)
Jewellery
 j - a cursed ring of teleportation (left hand)
Scrolls
 m - 2 scrolls of fog
 q - a scroll of enchant armour
 t - a scroll of blinking
Potions
 g - a potion of cancellation {unknown}
 i - a potion of ambrosia
 k - a potion of lignification {unknown}
 n - 2 potions of haste {unknown}
 r - 2 potions of heal wounds {unknown}
 s - a potion of might
Comestibles
 d - 3 bread rations
 e - a meat ration
 f - 2 fruits
 h - 2 royal jellies
 o - 15 chunks of flesh


   Skills:
 + Level 3.3 Fighting
 + Level 3.1 Axes
 + Level 3.9 Armour
 + Level 2.3 Dodging
 + Level 4.1 Shields


You had 4 spell levels left.
You didn't know any spells.

Dungeon Overview and Level Annotations

Branches:
Dungeon (3/15)

Altars:
Hepliaklqana
Okawaru


Innate Abilities, Weirdness & Mutations

You are resistant to damage.
You can heal yourself by infusing magical energy.
You passively map a small area around you.
You do not regenerate.


Message History

You block the bat's attack.
You slash the bat!
You kill the bat!
No target in view!
No target in view!
An ice beast comes into view.
You closely miss the ice beast. You block the ice beast's attack.
You barely miss the ice beast. The ice beast hits you.
The ice beast freezes you.
The ice beast hits you but does no damage.
Some of the chunks of flesh in your inventory have rotted away.
You hit the ice beast but do no damage.
The ice beast hits you but does no damage.
You closely miss the ice beast. The ice beast hits you.
The ice beast freezes you!
* * * LOW HITPOINT WARNING * * *
The ice beast hits you.
* * * LOW HITPOINT WARNING * * *
The ice beast freezes you!
You die...

#.# #..............
#,#... #.#
##......####.## ..#
#.#.#... #.# #......#
##.###..# #....... #.#
#......# #.......#
#.#.##.. #.# #......#
#.......# #.##.. #.#
###..### #.......#
#..... #.# #..#
#.......#, ,#..... #.#
#..#####.......#. ,
#..#..
#.######........@Y......
.......
#............######..#..
##.#.#.. ########...###
,,# #.#.... #...# * ,,
,, . .###. ####...# , ,
. .... #......# , ,.##.
####.#.# , # #.#.# * * ,
#.#.#


You could see an ice beast.

Vanquished Creatures
  Jessica (D:2)
  An adder (D:3)
  3 worms
  4 dart slugs
  A leopard gecko (D:2)
  10 orcs (D:3)
  A ball python (D:1)
  10 bats
  5 giant cockroaches
  11 goblins
  10 hobgoblins
  2 quokkas
  4 frilled lizards
  7 kobolds
  8 rats
78 creatures vanquished.

Notes
Turn   | Place    | Note
-------+----------+-------------------------------------------
     0 | D:1      | kuniqs the Deep Dwarf Fighter began the quest for the Orb.
     0 | D:1      | Reached XP level 1. HP: 20/20 MP: 1/1
   253 | D:1      | Reached XP level 2. HP: 25/27 MP: 2/2
   515 | D:1      | Reached skill level 1 in Dodging
   710 | D:1      | Reached XP level 3. HP: 19/34 MP: 3/3
  1013 | D:2      | Found a hazy altar of Hepliaklqana.
  1017 | D:2      | Found an iron altar of Okawaru.
  1433 | D:2      | Noticed Jessica
  1441 | D:2      | Killed Jessica
  1441 | D:2      | Reached skill level 4 in Shields
  1441 | D:2      | Reached XP level 4. HP: 31/42 MP: 4/4
  1956 | D:3      | Reached XP level 5. HP: 28/49 MP: 5/5
  2072 | D:3      | Noticed an ice beast
  2079 | D:3      | Slain by an ice beast

Vault maps used:
D:1:      minmay_arrival_wavy_path
D:2:      lemuel_crystal_altar, okawaru_metal_pillars_1_2, uniq_jessica
D:3:      first_bread

Skill      XL: |  1  2  3  4 |
---------------+-------------+-----
Dodging        | 1 2 |  2.3
Fighting       | 3 |  3.3
Shields        | 4 |  4.1
Axes           | 3 |  3.1
Armour         | |  3.9

Action                   |  1- 3 |  4- 6 || total
-------------------------+-------+-------++-------
Melee: War axe           |   143 |   111 ||   254
 Abil: Heal Wounds       |     1 |     1 ||     2
  Use: Scroll            |     3 |     3 ||     6
  Eat: Chunk             |     2 |     2 ||     4
Armor: Scale mail        |    55 |    54 ||   109
Dodge: Dodged            |    41 |    46 ||    87
Block: Shield            |    77 |    78 ||   155
